 Dungeon Crawl Stone Soup version 0.18.1-50-g88ac8fd (webtiles) character file.

368 Schultze the Shield-Bearer (level 6, 0/55 HPs)
             Began as a Hill Orc Fighter on Oct 1, 2016.
             Slain by a killer bee (7 damage)
             ... on level 3 of the Dungeon.
             The game lasted 00:09:54 (1995 turns).

Schultze the Shield-Bearer (Hill Orc Fighter)       Turns: 1995, Time: 00:09:58

Health: 0/55       AC: 11    Str: 21    XL:     6   Next: 69%
Magic:  6/6        EV:  6    Int:  8    God:
Gold:   179        SH: 10    Dex: 10    Spells: 0 memorised, 5 levels left

rFire  . . .     SeeInvis .     a - +0 war axe
rCold  . . .     Gourm    .     p - +1 chain mail
rNeg   . . .     Faith    .     c - +0 shield
rPois  +         Spirit   .     (no helmet)
rElec  .         Dismiss  .     (no cloak)
rCorr  .         Reflect  .     m - +0 pair of gloves
SustAt .         Harm     .     (no boots)
MR     .....                    (no amulet)
Stlth  ..........               (no ring)
                                x - ring of poison resistance

@: lethally poisoned (0 -> -2), not resistant to hostile enchantments, extremely
unstealthy
A: no striking features
a: no special abilities


You were on level 3 of the Dungeon.
You were not hungry.

You visited 1 branch of the dungeon, and saw 3 of its levels.

You collected 179 gold pieces.

Inventory:

Hand Weapons
 a - a +0 war axe (weapon)
 i - a +3 dagger
 k - a +0 hand axe
 w - a +1 whip of draining
Missiles
 u - 8 tomahawks (quivered)
Armour
 b - a +0 scale mail
 c - a +0 shield (worn)
 l - a +0 leather armour
 m - a +0 pair of gloves (worn)
 p - a +1 chain mail (worn)
Jewellery
 x - a ring of poison resistance (left hand)
Potions
 d - a potion of might
 g - a potion of ambrosia
 n - a potion of heal wounds
Comestibles
 f - 2 bread rations
 h - a meat ration
 o - a slice of pizza
 B - 2 fruits


   Skills:
 + Level 4.9 Fighting
 + Level 4.2 Axes
 + Level 4.7 Armour
 + Level 1.0 Dodging
 + Level 1.0 Stealth
 + Level 5.3 Shields


You had 5 spell levels left.
You didn't know any spells.

Dungeon Overview and Level Annotations

Branches:
Dungeon (3/15)

Altars:
Ru
Vehumet


Message History

The killer bee is lightly wounded.
You feel sick. You block the killer bee's attack.
The killer bee closely misses you. x2
You closely miss the killer bee.
The killer bee is lightly wounded.
You feel sick.
The killer bee stings you but does no damage.
The killer bee barely misses you.
You closely miss the killer bee.
The killer bee is lightly wounded.
You block the killer bee's attack.
The killer bee stings you but does no damage.
The killer bee barely misses you.
You closely miss the killer bee.
The killer bee is lightly wounded.
You feel sick. The killer bee stings you!
* * * LOW HITPOINT WARNING * * *
The killer bee stings you but does no damage.
The killer bee stings you!
You die...

...# #.# #.#
#.#÷##########.
...# #.# #.#
#.#..........#.
.### #.#
#.###.##....####.#.
######.# #..#
#....# #.#.
.......# ##.#
#....# #.#.
######## #.# #....#
##.#. #.# #....#
#....
#.##.##....###....
#@†#..............
##y#.##....##...†.
#o# #....##.....
#o)$########.....
....... #.....
#.......# ######
#...>...#
##........
.........


You could see a killer bee, an orc wizard and an orc.

Vanquished Creatures
  Sigmund (D:3)
  2 killer bees (D:3)
  An orc wizard (D:3)
  3 adders
  2 oozes (D:1)
  A worm (D:2)
  2 dart slugs
  4 giant geckos
  An orc (D:3)
  3 ball pythons
  4 bats
  3 giant cockroaches
  7 goblins
  7 hobgoblins
  3 jackals (D:3)
  6 kobolds
  3 giant newts
  4 rats
57 creatures vanquished.

Notes
Turn   | Place    | Note
--------------------------------------------------------------
     0 | D:1      | Schultze the Hill Orc Fighter began the quest for the Orb.
     0 | D:1      | Reached XP level 1. HP: 19/19 MP: 1/1
    51 | D:1      | Reached XP level 2. HP: 23/27 MP: 2/2
   156 | D:1      | Reached XP level 3. HP: 33/33 MP: 3/3
   754 | D:2      | Reached skill level 4 in Shields
   820 | D:2      | Reached XP level 4. HP: 36/40 MP: 4/4
   862 | D:2      | Found a radiant altar of Vehumet.
   863 | D:2      | Found a sacrificial altar of Ru.
  1607 | D:3      | Reached XP level 5. HP: 36/47 MP: 5/5
  1661 | D:3      | Noticed Sigmund
  1674 | D:3      | Killed Sigmund
  1674 | D:3      | Reached skill level 1 in Stealth
  1674 | D:3      | Reached skill level 5 in Shields
  1674 | D:3      | Reached XP level 6. HP: 21/55 MP: 6/6
  1988 | D:3      | Reached skill level 1 in Dodging
  1995 | D:3      | Slain by a killer bee

Skill      XL: |  1  2  3  4  5  6 |
---------------+-------------------+-----
Axes           | 3 4 |  4.2
Fighting       | 4 |  4.9
Shields        | 4 5 |  5.3
Armour         | 4 |  4.7
Stealth        | 1 |  1.0
Dodging        | 1 |  1.0

Action                   |  1- 3 |  4- 6 || total
-------------------------+-------+-------++-------
Melee: War axe           |    87 |   136 ||   223
  Use: Potion            |     5 |     3 ||     8
       Scroll            |       |     7 ||     7
  Eat: Chunk             |       |     4 ||     4
Armor: Scale mail        |    21 |       ||    21
       Chain mail        |    24 |   108 ||   132
Dodge: Dodged            |    24 |    50 ||    74
Block: Shield            |    40 |   114 ||   154
